 Dungeon Crawl Stone Soup version 0.31.0-12-g77e489cdc1 (webtiles) character file.

Game seed: 2403873230760490531

126 Fodor the Trooper (level 4, -7/41 HPs)
             Began as a Minotaur Fighter on Feb 19, 2024.
             Mangled by Grinder (8 damage)
             ... on level 3 of the Dungeon.
             The game lasted 00:10:49 (2297 turns).

Fodor the Trooper (Minotaur Fighter)                Turns: 2297, Time: 00:10:49

Health: -7/41      AC:  7    Str: 22    XL:     4   Next: 83%
Magic:  3/3        EV:  7    Int:  5    God:
Gold:   111        SH:  0    Dex: 10    Spells: 3/3 levels left

rFire   . . .        a - +0 battleaxe
rCold   . . .        (shield currently unavailable)
rNeg    . . .        b - +0 scale mail
rPois   .            (helmet restricted)
rElec   .            (no cloak)
rCorr   +            (no gloves)
SInv    +            (no boots)
Will    .....        (no amulet) Stlth
                     e - ring of resist corrosion
HPRegen 0.26/turn    g - ring of see invisible
MPRegen 0.08/turn

%: no passive effects
@: about to teleport, constricted
A: horns 2, retaliatory headbutt
a: no special abilities


You were on level 3 of the Dungeon.
You visited 1 branch of the dungeon, and saw 3 of its levels.

You collected 111 gold pieces.

Inventory:

Hand Weapons
 a - a +0 battleaxe (weapon)
Armour
 b - a +0 scale mail (worn)
Jewellery
 e - a ring of resist corrosion (left hand)
 g - a ring of see invisible (right hand)
 k - a ring of positive energy
Talismans
 l - a beast talisman
Scrolls
 c - 2 scrolls of immolation
 f - 2 scrolls of teleportation
 h - a scroll of vulnerability {unknown}
 i - a scroll of amnesia
 n - a scroll of fear {unknown}
 o - a scroll of revelation
 p - a scroll of blinking {unknown}
Potions
 d - a potion of might
 j - a potion of heal wounds {unknown}
 m - a potion of curing {unknown}


   Skills:
 + Level 4.5 Fighting
 + Level 4.2 Axes
 + Level 4.5 Armour
 + Level 1.1 Dodging
 + Level 0.4 Stealth
 + Level 3.7 Shields


You had 3 spell levels left.
You didn't know any spells.
Your spell library contained the following spells:

 Spells                   Type           Power      Damage    Failure   Level
 Shock                    Conj/Air       0%         1d3       80%         1
 Swiftness                Air            0%         N/A       99%         3
 Airstrike                Air            0%         2d(0-16)  100%        4


Dungeon Overview and Level Annotations

Branches:
Dungeon (3/15)

Altars:

Annotations:
D:3 Grinder


Innate Abilities, Weirdness & Mutations

You have a pair of horns on your head.
You reflexively headbutt those who attack you in melee.


Message History

You escape the ball python's grasp.
The ball python closely misses you. The ball python grabs you.
The ball python constricts you.
Grinder blinks!
The ball python bites you but does no damage.
The ball python constricts you.
You barely miss the ball python. The ball python barely misses you.
The ball python constricts you.
You closely miss the ball python. You slash Grinder!
The ball python bites you but does no damage.
The ball python constricts you. Grinder gestures at you.
You suddenly lose the ability to move!
The ball python bites you but does no damage.
The ball python constricts you. Grinder hits you!
You writhe in agony.
The ball python bites you but does no damage.
The ball python constricts you. Grinder gestures at you.
You shrug off the repeated paralysis!
The ball python bites you but does no damage.
The ball python constricts you.
Grinder says, "Tell me all your secrets, or I'll kill you."
Grinder hits you.
You writhe in agony.
The ball python bites you. The ball python constricts you.
The ball python completely misses you. The ball python constricts you.
Grinder hits you.
You writhe in agony.
* * * LOW HITPOINT WARNING * * *
You can move again.
As you read the scroll of teleportation, it crumbles to dust.
You feel strangely unstable.
The ball python bites you but does no damage.
The ball python constricts you. Grinder hits you.
* * * LOW HITPOINT WARNING * * *
You writhe in agony.
* * * LOW HITPOINT WARNING * * *
You escape the ball python's grasp.
The ball python bites you.
* * * LOW HITPOINT WARNING * * *
The ball python grabs you. The ball python constricts you.
Grinder attacks as she pursues you! Grinder hits you!
You die...
Grinder sighs, "Dead already?
I want a refund."

....... ###'#.#.#
.......# #.#.#.#.
......# ##.#.#.#
#####....# #.#.#.#.
#$.......######.#.<.#
#..............#>#.#.
#......##....##.#.#.#
###......##....#.#+#.#.
#.....@..##....#......#
#.....5S..+....#.....#.
#.........#...##..)...#
#.......#.#......#+#.#.
#.......#.###.###h#.#.#
+.......#.# #.##.#.#.#.
#.......#.###...#.#.#.#
#...###+##...####(#.#.#.
#.#. ###.# ##.#.#.#


You could see Grinder and a ball python.

Vanquished Creatures
  A bombardier beetle (D:3)
  3 adders (D:2)
  3 ribbon worms
  5 endoplasms
  6 hobgoblins
  6 jackals
  10 ball pythons
  5 bats
  2 frilled lizards
  3 goblins (D:1)
  8 kobolds
  6 rats
58 creatures vanquished.

Notes
Turn   | Place    | Note
-------+----------+-------------------------------------------
     0 | D:1      | Fodor the Minotaur Fighter began the quest for the Orb.
     0 | D:1      | Reached XP level 1. HP: 19/19 MP: 0/0
   466 | D:1      | Found a faded altar of an unknown god.
   476 | D:1      | Reached XP level 2. HP: 27/27 MP: 1/1
  1076 | D:2      | Reached XP level 3. HP: 29/33 MP: 2/2
  1705 | D:2      | Reached skill level 1 in Dodging
  1705 | D:2      | Reached XP level 4. HP: 33/40 MP: 3/3
  2280 | D:3      | Noticed Grinder
  2285 | D:3      | Paralysed by Grinder for 2 turns
  2292 | D:3      | Paralysed by Grinder for 4 turns
  2296 | D:3      | HP: 2/41 [Grinder (1)]
  2297 | D:3      | Mangled by Grinder

Illustrated notes

Levels and vault maps discovered:
D:1:      eino_arrival_water_cross, layout_basic, ebering_ecumenical_altar_mist,
          roderic_st_hans_cross, minmay_ruptured
D:2:      minmay_wonky_spiral, layout_rooms, nrook_mini_vaults
D:3:      layout_basic, uniq_grinder, uniq_ijyb

Skill      XL: |  1  2  3  4 |
---------------+-------------+-----
Fighting       | 4 |  4.5
Armour         | 4 |  4.5
Axes           | 3 4 |  4.2
Dodging        | 1 |  1.1
Stealth        | |  0.4
Shields        | |  3.7

Action                     |  1- 3 |  4- 6 || total
---------------------------+-------+-------++-------
  Melee: War axe           |    25 |       ||    25
         Headbutt          |     6 |     6 ||    12
         Battleaxe         |    57 |    32 ||    89
    Use: Scroll            |     3 |     2 ||     5
 Armour: Scale mail        |    79 |    47 ||   126
  Dodge: Dodged            |    67 |    31 ||    98
  Block: Buckler           |     4 |       ||     4
